 Dungeon Crawl Stone Soup version 0.19.0-11-g3fc08b3 (console) character file.

201 HyperMorgan the Caller (level 5, -1/24 HPs)
             Began as a Spriggan Summoner on Nov 8, 2016.
             Was a Follower of Dithmenos.
             Killed from afar by an orc wizard (8 damage)
             ... with a puff of frost
             ... on level 3 of the Dungeon on Nov 9, 2016.
             The game lasted 00:13:37 (4038 turns).

HyperMorgan the Caller (Spriggan Summoner)          Turns: 4038, Time: 00:13:38

Health: -1/24      AC:  2    Str:  4    XL:     5   Next: 50%
Magic:  9/12       EV: 18    Int: 17    God:    Dithmenos [*.....]
Gold:   63         SH:  0    Dex: 17    Spells: 3 memorised, 6 levels left

rFire  . . .     SeeInvis +     a - +0 rapier
rCold  . . .     Gourm    .     s - +0 robe
rNeg   . . .     Faith    +     (shield restricted)
rPois  .         Spirit   .     (helmet restricted)
rElec  .         Reflect  .     (no cloak)
rCorr  .         Harm     .     (gloves unavailable)
MR     .....                    (boots unavailable)
Stlth  +++.......               p - amulet of faith
                                (no ring)
                                (no ring)

@: wreathed by umbra, very quick
A: unfitting armour, see invisible, herbivore 3, speed 3, slow metabolism 2
a: Renounce Religion


You were on level 3 of the Dungeon.
You worshipped Dithmenos.
Dithmenos was aware of your devotion.
You were not hungry.

You visited 1 branch of the dungeon, and saw 3 of its levels.

You collected 63 gold pieces.

Inventory:

Hand Weapons
 a - a +0 rapier (weapon)
 b - a +0 dagger of holy wrath
 l - a +0 short sword
Armour
 s - a +0 robe (worn)
Jewellery
 p - an amulet of faith (around neck)
Scrolls
 e - a scroll of amnesia {unknown}
 f - a scroll of enchant armour {unknown}
 h - a scroll of recharging {unknown}
 m - 2 scrolls of noise {unknown}
 o - a scroll of remove curse {unknown}
 r - 3 scrolls of blinking {unknown}
Potions
 i - a potion of resistance
 j - a potion of curing
 n - a potion of invisibility
 q - a potion of lignification
Books
 c - a book of Callings

   Spells                             Type                      Level
   a - Summon Small Mammal            Summoning                    1
   b - Call Imp                       Summoning                    2
   c - Call Canine Familiar           Summoning                    3
   d - Summon Guardian Golem          Hexes/Summoning              3
   e - Summon Lightning Spire         Summoning/Air                4
   f - Summon Ice Beast               Ice/Summoning                4
Comestibles
 d - a bread ration


   Skills:
 * Level 0.7 Short Blades
 - Level 3.0 Dodging
 - Level 4.1 Stealth
 + Level 4.0 Spellcasting
 * Level 4.9 Summonings


You had 6 spell levels left.
You knew the following spells:

 Your Spells              Type           Power        Failure   Level  Hunger
a - Summon Small Mammal   Summ           ###.         2%          1    None
b - Call Imp              Summ           ###.....     3%          2    ##.....
c - Call Canine Familiar  Summ           ###.....     10%         3    ###....


Dungeon Overview and Level Annotations

Branches:
Dungeon (3/15)

Altars:
Dithmenos
Sif Muna
Uskayaw
Vehumet

Annotations:
D:1 ring behind wall


Innate Abilities, Weirdness & Mutations

You are very small and have problems with some larger weapons.
You are too small for most types of armour.
You have supernaturally acute eyesight. (SInv)
You are a herbivore.
You cover ground extremely quickly.
You need consume almost no food.


Message History

The orc wizard gestures at you while chanting.
The puff of flame misses you.
You barely miss the orc wizard.
The orc wizard is almost dead.
The orc wizard barely misses you. The orc closely misses you.
The orc wizard closely misses you.
You hit the orc wizard but do no damage.
The orc wizard is almost dead.
The orc wizard barely misses you. The orc closely misses you.
You closely miss the orc wizard.
The orc wizard is almost dead.
The orc wizard hits you with a dagger. The orc completely misses you.
The orc wizard hits you with a dagger. The orc hits you with a club.
You see here a frilled lizard corpse.
Things that are here:
a +0 dagger; a +0 mace
There is a stone staircase leading up here.
The orc wizard gestures at you while chanting.
The puff of frost hits you!
You die...

∙∙∙∙∙∙∙∙∙∙∙▒▒∙▒ ▒∙∙∙∙∙▒ ▒▒
∙∙∙∙∙∙∙∙∙∙∙∙▒▒∙▒ ▒8∙∙∙8▒▒▒▒∙
▒∙∙∙∙∙∙∙∙∙▒∙▒▒∙▒ ▒▒_▒▒ ▒∙∙∙
▒∙∙∙∙∙∙∙∙▒▒∙▒▒∙▒▒▒▒▒▒▒▒▒▒∙▒▒
▒▒∙∙∙∙∙∙∙∙∙∙∙)∙∙∙∙▒▒∙∙▒∙∙∙∙▒∙
∙▒∙∙∙∙∙∙∙∙∙∙)∙∙∙∙∙∙∙∙∙∙o∙∙o∙▒∙
∙∙∙∙∙∙∙∙∙∙∙∙▒▒∙▒∙%▒▒▒▒▒▒∙∙∙∙∙∙
∙∙∙∙∙∙∙∙o∙∙▒▒▒∙▒∙∙∙∙∙∙∙∙∙∙∙▒▒∙
∙∙∙∙∙∙∙∙∙∙▒▒▒i∙∙∙∙∙▒▒▒▒▒∙∙∙▒▒▒
∙∙∙∙∙∙∙)∙∙oo∙∙∙▒▒▒∙∙▒ ▒∙∙∙▒
∙∙∙∙∙∙▒∙∙∙▒▒▒▒∙▒ ▒∙▒ ▒▒▒▒▒


∙∙∙∙∙ ▒∙∙▒▒ ▒∙▒ ∙▒ ∙∙∙∙ ▒∙∙▒ ▒>▒ ∙▒ ∙∙∙ ▒∙∙▒▒ ▒∙▒ ∙▒ ▒∙ ▒∙∙▒ ▒∙▒ ▒ ▒∙▒▒ ▒∙∙ ∙∙
▒∙∙ You could see an orc wizard (invisible) and an orc.

Vanquished Creatures
  A worker ant (D:3)
  2 gnolls (D:2)
  A worm (D:2)
  2 orcs (D:3)
  4 ball pythons
  3 bats (D:2)
  3 giant cockroaches
  4 goblins
  4 hobgoblins
  2 quokkas (D:2)
  5 frilled lizards
  2 kobolds
  5 rats
38 creatures vanquished.

Vanquished Creatures (collateral kills)
  Sigmund (D:2)
  An adder (D:2)
  5 gnolls (D:2)
  A worm (D:2)
  A dart slug (D:2)
  A leopard gecko (D:1)
  An orc (D:3)
  3 giant cockroaches (D:1)
  2 goblins
  5 hobgoblins
  3 kobolds (D:2)
  4 bats
  3 frilled lizards
31 creatures vanquished.

Grand Total: 69 creatures vanquished

Notes
Turn   | Place    | Note
-------+----------+-------------------------------------------
     0 | D:1      | HyperMorgan the Spriggan Summoner began the quest for the Orb.
     0 | D:1      | Reached XP level 1. HP: 9/9 MP: 5/5
   248 | D:1      | Reached XP level 2. HP: 5/13 MP: 2/6
   252 | D:1      | Learned a level 2 spell: Call Imp
  1894 | D:2      | Found a shadowy altar of Dithmenos.
  1903 | D:2      | Became a worshipper of Dithmenos the Shadowed
  2211 | D:2      | Reached XP level 3. HP: 16/16 MP: 8/8
  2471 | D:2      | Learned a level 3 spell: Call Canine Familiar
  2835 | D:2      | Reached XP level 4. HP: 14/21 MP: 1/9
  3041 | D:2      | Reached * piety under Dithmenos
  3384 | D:2      | Noticed Sigmund
  3448 | D:2      | Killed Sigmund
  3448 | D:2      | Reached XP level 5. HP: 24/24 MP: 3/11
  3592 | D:2      | Found a deep blue altar of Sif Muna.
  3601 | D:2      | Found a hide-covered altar of Uskayaw.
  3834 | D:3      | Found a radiant altar of Vehumet.
  4038 | D:3      | Killed from afar by an orc wizard

Skill      XL: |  1  2  3  4  5 |
---------------+----------------+-----
Spellcasting   | 3 4 |  4.0
Summonings     | 4 |  4.9
Stealth        | 4 |  4.1
Short Blades   | |  0.7
Dodging        | |  3.0

Action                   |  1- 3 |  4- 6 || total
-------------------------+-------+-------++-------
Melee: Unarmed           |    88 |       ||    88
       Short sword       |    58 |       ||    58
       Mace              |     5 |       ||     5
       Dagger            |     5 |       ||     5
       Rapier            |    21 |    76 ||    97
 Cast: Summon Small Mamm |    42 |     6 ||    48
       Call Imp          |     5 |       ||     5
       Call Canine Famil |     2 |     7 ||     9
  Use: Scroll            |     2 |     2 ||     4
 Stab: Sleeping          |     6 |     4 ||    10
       Distracted        |     1 |       ||     1
  Eat: Bread ration      |       |     1 ||     1
Armor: Robe              |    26 |     6 ||    32
Dodge: Dodged            |   183 |    73 ||   256
